 Dungeon Crawl Stone Soup version 0.28.0-62-gf88900778d (webtiles) character file.

Game seed: 689239746155378015

10114 cbfl8 the Cleaver (level 11, -4/87 HPs)
             Began as a Minotaur Fighter on Sept 12, 2023.
             Was a Priest of Hepliaklqana.
             Killed from afar by a rakshasa (illusionary) (26 damage)
             ... with a lance of force
             ... on level 8 of the Dungeon.
             The game lasted 00:09:51 (9201 turns).

cbfl8 the Cleaver (Minotaur Fighter)                Turns: 9201, Time: 00:09:51

Health: -4/87      AC: 18    Str: 21    XL:     11   Next: 31%
Magic:  10/10      EV:  7    Int:  5    God:    Hepliaklqana [***...]
Gold:   1218       SH:  5    Dex: 14    Spells: 10/10 levels left

rFire   . . .      SeeInvis .   a - +0 war axe
rCold   . . .      Faith    .   c - +0 buckler
rNeg    + . .      Spirit   .   w - +0 plate armour
rPois   .          Reflect  .   (helmet restricted)
rElec   .          Harm     .   o - +0 cloak
rCorr   +          Rampage  .   (no gloves)
Will    .....                   y - +1 pair of boots {Fly}
Stlth   ..........              x - amulet of regeneration
HPRegen 1.04/turn               i - ring of resist corrosion
MPRegen 0.12/turn               s - ring of positive energy

@: flying
A: reduced essence, horns 2, retaliatory headbutt
a: Renounce Religion, Recall Ancestor, Ancestor Identity, Transference


You were on level 8 of the Dungeon.
You worshipped Hepliaklqana.
Hepliaklqana was most pleased with you.
You visited 2 branches of the dungeon, and saw 10 of its levels.
You also visited: Bailey.

You collected 1288 gold pieces.
You spent 70 gold pieces at shops.

Inventory:

Hand Weapons
 a - a +0 war axe (weapon)
Armour
 c - a +0 buckler (worn)
 o - a +0 cloak (worn)
 w - a +0 plate armour (worn)
 y - a +1 pair of boots of flying (worn)
Jewellery
 i - a ring of resist corrosion (left hand)
 s - a ring of positive energy (right hand)
 x - an amulet of regeneration (around neck)
Wands
 e - a wand of iceblast (17) (quivered)
 q - a wand of acid (9)
 t - a wand of paralysis (1)
 u - a wand of flame (30)
 z - a wand of polymorph (7)
Scrolls
 f - a scroll of fog
 g - a scroll of enchant armour
 m - 3 scrolls of teleportation
 n - a scroll of vulnerability {unknown}
 A - a scroll of enchant weapon {unknown}
 B - 2 scrolls of immolation
 C - a scroll of summoning
 D - a scroll of fear
 E - a scroll of acquirement {unknown}
Potions
 b - a potion of attraction {unknown}
 d - a potion of might
 h - 3 potions of curing
 j - 4 potions of flight
 k - a potion of berserk rage
 l - 2 potions of heal wounds {unknown}
 p - a potion of haste {unknown}
 r - a potion of cancellation {unknown}
 v - a potion of ambrosia {unknown}


   Skills:
 + Level 9.5 Fighting
 + Level 14.5 Axes
 + Level 10.6 Armour
 - Level 2.2 Dodging
 - Level 2.3 Stealth
 + Level 6.5 Shields
 * Level 3.3 Evocations


You had 10 spell levels left.
You didn't know any spells.
Your spell library contained the following spells:

 Spells                   Type           Power      Damage    Failure   Level
 Ignite Poison            Fire/Tmut/Pois 0%         N/A       100%        3
 Mephitic Cloud           Conj/Pois/Air  0%         N/A       100%        3
 Animate Armour           Summ/Erth      0%         N/A       100%        4
 Hailstorm                Conj/Ice       0%         3d3       100%        4
 Ice Form                 Ice/Tmut       0%         N/A       100%        4
 Blade Hands              Tmut           0%         N/A       100%        5
 Freezing Cloud           Conj/Ice/Air   0%         6-21      100%        5
 Iron Shot                Conj/Erth      0%         9d1       100%        6
 Simulacrum               Ice/Necr       0%         N/A       100%        6


Dungeon Overview and Level Annotations

Branches:
Dungeon (9/15)             Temple (1/1) D:4          Bailey (visited)
   Lair: D:8-11         Orc: D:9-12

Altars:
Ashenzari
Dithmenos
Elyvilon
Fedhas
Gozag
Hepliaklqana
Kikubaaqudgha
Makhleb
Nemelex Xobeh
Okawaru
Qazlal
Ru
Trog
Vehumet
Wu Jian
Yredelemnul
Zin

Shops:
D:4 *   D:6 *


Innate Abilities, Weirdness & Mutations

Your life essence is reduced to manifest your ancestor. (-10% HP)
You have a pair of horns on your head.
You reflexively headbutt those who attack you in melee.


Message History

You hit the rakshasa.
The rakshasa hits you but does no damage. x2
Unknown command.
You miss the rakshasa. Your headbutt misses the rakshasa.
The rakshasa is severely wounded.
You closely miss the rakshasa.
The rakshasa hits you with a +0 long sword. x2
Unknown command.
You closely miss the rakshasa.
You headbutt the rakshasa, but do no damage.
The rakshasa is severely wounded.
You hit the rakshasa.
The rakshasa hits you with a +0 long sword.
Unknown command.
You closely miss the rakshasa.
The rakshasa is severely wounded.
You hit the rakshasa but do no damage.
The rakshasa hits you with a +0 long sword!
Valentine casts a spell at the rakshasa.
The stone arrow hits the rakshasa.
Unknown command.
You closely miss the rakshasa.
The rakshasa is severely wounded.
You closely miss the rakshasa. The rakshasa gestures at you.
The lance of force hits you!
You are knocked back by the lance of force.
You collide with Valentine!
Valentine is heavily damaged.
* * * LOW HITPOINT WARNING * * *
The rakshasa hits you with a +0 long sword.
* * * LOW HITPOINT WARNING * * *
You are too injured to fight recklessly!
You swap places.
Valentine hits the rakshasa with a +0 quarterstaff!
The rakshasa hits Valentine with a +0 long sword!!
Valentine is destroyed!
The rakshasa gestures at you. The lance of force hits you!!
You die...

#.# #.# #...... #.#
##.######### #.#
#........# #.#
#######...####.#
#.###..........# #.#
#......#.#....####.###
#####RR..#...##.......
#.#.##..###.##.###
#@#.........##.#
#.####.........#
#......#########
########


You could see 2 rakshasas.

Vanquished Creatures
  A centaur warrior (D:9)
  The ghost of cbfl8 the Cleaver, a novice MiBe of Trog (D:8)
  An orc knight (Bailey)
  An ugly thing (D:9)
  4 centaur zombies
  A gargoyle (D:9)
  Maggie (D:8)
  Grinder (D:5)
  Prince Ribbit (D:5)
  A slime creature (D:9)
  Sigmund (D:6)
  2 wyverns
  4 yaks (D:9)
  A steam dragon (D:9)
  2 water moccasins
  5 orc warriors
  A black bear (shapeshifter) (D:9)
  A sky beast (D:5)
  An ice beast (D:6)
  3 black bears
  3 ogres
  3 centaurs
  A phantom (D:5)
  5 kobold brigands
  5 bullfrogs
  A gnoll sergeant (D:9)
  A wyvern zombie (D:8)
  A scorpion (D:5)
  A water moccasin zombie (D:5)
  4 killer bees
  A bullfrog zombie (D:5)
  2 howler monkeys
  5 jellies
  A centaur skeleton (D:6)
  2 orc priests
  An iguana (D:5)
  Ijyb (D:5)
  4 orc wizards
  A hound skeleton (D:4)
  A howler monkey zombie (D:6)
  7 gnolls
  2 howler monkey skeletons (D:6)
  9 adders
  A shadow imp (D:7)
  4 worms
  3 dart slugs
  18 orcs
  5 bats
  4 endoplasms (D:1)
  3 giant cockroaches
  8 goblins
  10 hobgoblins
  3 jackals (D:3)
  3 quokkas
  13 ball pythons
  4 frilled lizards
  18 kobolds
  6 rats
199 creatures vanquished.

Vanquished Creatures (collateral kills)
  A two-headed ogre (D:9)
  A hornet (D:9)
  A wyvern (D:9)
  A water moccasin (D:9)
  3 orc warriors
  An ice beast (D:7)
  A centaur (D:7)
  A water moccasin skeleton (D:6)
  A killer bee (D:9)
  A howler monkey (D:6)
  A centaur zombie (D:7)
  A hound (D:5)
  2 jellies
  4 orc wizards
  2 gnolls (D:9)
  An orc (D:6)
  A goblin (Bailey)
  A hobgoblin (Bailey)
  12 kobolds
37 creatures vanquished.

Vanquished Creatures (others)
  4 battlemagi
4 creatures vanquished.

Grand Total: 240 creatures vanquished

Notes
Turn   | Place    | Note
-------+----------+-------------------------------------------
     0 | D:1      | cbfl8 the Minotaur Fighter began the quest for the Orb.
     0 | D:1      | Reached XP level 1. HP: 19/19 MP: 0/0
   185 | D:1      | Reached skill level 3 in Axes
   188 | D:1      | Reached XP level 2. HP: 24/27 MP: 1/1
   560 | D:2      | Reached XP level 3. HP: 33/33 MP: 2/2
  1393 | D:2      | Found a faded altar of an unknown god.
  1572 | D:3      | Reached XP level 4. HP: 36/40 MP: 3/3
  1580 | D:3      | Reached skill level 4 in Axes
  2169 | D:3      | Reached XP level 5. HP: 45/46 MP: 4/4
  2351 | D:4      | Found a staircase to the Ecumenical Temple.
  2363 | Temple   | Entered the Ecumenical Temple
  2392 | Temple   | Became a worshipper of Hepliaklqana the Forgotten
  2445 | D:4      | Reached skill level 5 in Axes
  2513 | D:4      | Noticed an ogre
  2518 | D:4      | Killed an ogre
  2609 | D:4      | Noticed an ogre
  2616 | D:4      | Killed an ogre
  2617 | D:4      | Reached skill level 5 in Armour
  2617 | D:4      | Reached XP level 6. HP: 21/53 MP: 5/5
  2834 | D:4      | Found Vopad's General Store.
  2842 | D:4      | Bought a scroll of identify for 28 gold pieces
  2842 | D:4      | Bought a scroll of teleportation for 42 gold pieces
  2962 | D:4      | Reached skill level 6 in Axes
  3208 | D:5      | Entered Level 5 of the Dungeon
  3208 | D:5      | Noticed a sky beast
  3212 | D:5      | Killed a sky beast
  3262 | D:5      | Reached XP level 7. HP: 40/60 MP: 6/6
  3265 | D:5      | Reached skill level 5 in Fighting
  3265 | D:5      | Reached skill level 7 in Axes
  3575 | D:5      | Noticed Prince Ribbit
  3602 | D:5      | Killed Prince Ribbit
  3603 | D:5      | Reached skill level 8 in Axes
  3909 | D:5      | Reached XP level 8. HP: 59/70 MP: 7/7
  3959 | D:5      | Reached * piety under Hepliaklqana
  3969 | D:5      | Noticed Ijyb
  3975 | D:5      | Killed Ijyb
  4190 | D:5      | Noticed Grinder
  4200 | D:5      | Killed Grinder
  4201 | D:5      | Reached skill level 9 in Axes
  4201 | D:5      | Reached skill level 1 in Dodging
  4551 | D:6      | Reached skill level 5 in Shields
  4556 | D:6      | Found Bopuj's Neck Hole.
  4710 | D:6      | Reached ** piety under Hepliaklqana
  4712 | D:6      | Remembered your ancestor Valentine as a battlemage
  5021 | D:6      | Found a burning altar of Makhleb.
  5039 | D:6      | Noticed Sigmund
  5048 | D:6      | Killed Sigmund
  5049 | D:6      | Reached skill level 10 in Axes
  5049 | D:6      | Reached XP level 9. HP: 65/70 MP: 8/8
  5295 | D:7      | Found a flagged portal.
  5327 | D:7      | Reached skill level 1 in Stealth
  5370 | Bailey   | Entered a bailey
  5379 | Bailey   | Noticed an orc knight
  5415 | Bailey   | Reached skill level 11 in Axes
  5790 | Bailey   | Killed an orc knight
  5791 | Bailey   | Reached skill level 12 in Axes
  6172 | D:7      | Reached XP level 10. HP: 70/79 MP: 9/9
  6920 | D:8      | Noticed Maggie
  6927 | D:8      | Killed Maggie
  7335 | D:8      | Reached skill level 13 in Axes
  7379 | D:8      | Found a runed translucent door.
  7379 | D:8      | Noticed cbfl8's ghost (novice MiBe)
  7461 | D:8      | Reached *** piety under Hepliaklqana
  7735 | D:8      | Killed cbfl8's ghost
  7791 | D:9      | Reached skill level 1 in Evocations
  7840 | D:9      | Noticed a two-headed ogre
  7847 | D:9      | Killed a two-headed ogre
  7848 | D:9      | Reached skill level 10 in Armour
  7986 | D:9      | Noticed a gargoyle
  7989 | D:9      | Noticed a cyan ugly thing
  7991 | D:9      | Noticed a centaur warrior
  7996 | D:9      | Killed a gargoyle
  7997 | D:9      | Reached skill level 14 in Axes
  7999 | D:9      | Killed a cyan ugly thing
  8000 | D:9      | Reached XP level 11. HP: 73/87 MP: 10/10
  8003 | D:9      | Killed a centaur warrior
  8068 | D:9      | Noticed a tengu warrior
  8619 | D:9      | Noticed a rakshasa
  9201 | D:8      | Killed from afar by a rakshasa (illusionary)

Illustrated notes

Levels and vault maps discovered:
D:1:      evilmike_arrival_fibonacci_small, layout_rooms
D:2:      cheibrodos_greedy_goblins, layout_loops_corners,
          shapermc_ecumenical_altar_mp_ritualfount
D:3:      layout_basic
D:4:      layout_cave_pools, minmay_temple_entry_sparse_star,
          minmay_shop_grid_forest, minmay_snake_closets
D:5:      layout_cave_pools, uniq_grinder, uniq_prince_ribbit1, uniq_ijyb
D:6:      layout_gridville, bloody_makhleb, hangedman_abyss_or_decor_stabs,
          nicolae_shop_sticking_my_neck_out, uniq_sigmund
D:7:      minmay_recursive_quarters, layout_loops_ring, enter_bailey_6
D:8:      layout_loops_corners, hellmonk_ghost_happy_afterlife,
          kennysheep_generic_room_9, uniq_maggie
D:9:      hangedman_cross_veins, layout_stronghold, lair_entry_dummy
Temple:   grunt_wide_crystal_templ

Skill      XL: |  1  2  3  4  5  6  7  8  9 10 11 |
---------------+----------------------------------+-----
Axes           | 3 4 5 6 8 10 12 14 | 14.5
Shields        | 4 5 6 |  6.5
Fighting       | 4 5 6 7 9 |  9.5
Armour         | 4 5 6 7 9 10 | 10.6
Dodging        | 1 2 |  2.2
Stealth        | 1 2 |  2.3
Evocations     | 2 3 |  3.3

Action                   |  1- 3 |  4- 6 |  7- 9 | 10-12 || total
-------------------------+-------+-------+-------+-------++-------
Melee: War axe           |    97 |    99 |   195 |   221 ||   612
       Headbutt          |     7 |    15 |    38 |    42 ||   102
Invok: Ancestor Life: Ba |       |       |     1 |       ||     1
       Ancestor Identity |       |       |     1 |       ||     1
Evoke: Wand              |       |       |     5 |     1 ||     6
  Use: Scroll            |     3 |     2 |       |     5 ||    10
       Potion            |       |       |       |     2 ||     2
 Stab: Distracted        |       |       |     1 |     2 ||     3
       Paralysed         |       |       |     4 |       ||     4
Armor: Scale mail        |    23 |       |       |       ||    23
       Chain mail        |    22 |    63 |    51 |       ||   136
       Plate armour      |       |       |    26 |   137 ||   163
Dodge: Dodged            |    34 |    37 |    56 |    75 ||   202
Block: Buckler           |    29 |    20 |    37 |    46 ||   132
